 Dungeon Crawl Stone Soup version 0.27.1-1-g398f81649c (webtiles) character file.

Game seed: 14265541098985051414

5 Elvor the Charlatan (level 1, 0/12 HPs)
             Began as a Gargoyle Artificer on Sept 10, 2021.
             Frozen to death by an endoplasm (4 damage)
             ... on level 1 of the Dungeon.
             The game lasted 00:02:08 (255 turns).

Elvor the Charlatan (Gargoyle Artificer)             Turns: 255, Time: 00:02:09

Health: 0/12       AC:  5    Str: 15    XL:     1   Next: 80%
Magic:  1/1        EV: 11    Int: 11    God:
Gold:   24         SH:  0    Dex: 10    Spells: 0/0 levels left

rFire    . . .     SeeInvis .   a - +0 club
rCold    . . .     Faith    .   (no shield)
rNeg     + . .     Spirit   .   b - +0 leather armour
rPois    ∞         Reflect  .   (no helmet)
rElec    +         Harm     .   (no cloak)
rCorr    .         Rampage  .   (no gloves)
Will     .....                  (no boots)
Stlth    +.........             (no amulet)
HPRegen  0.04/turn              (no ring)
MPRegen  0.07/turn              (no ring)

@: no status effects
A: sickness immunity, AC +2, negative energy resistance 1, electricity
resistance, torment resistance 1, petrification resistance
a: no special abilities


You were on level 1 of the Dungeon.
You visited 1 branch of the dungeon, and saw 1 of its levels.

You collected 24 gold pieces.

Inventory:

Hand Weapons
 a - a +0 club (weapon)
Missiles
 h - 17 sling bullets
Armour
 b - a +0 leather armour (worn)
Wands
 c - a wand of flame (15) (quivered)
 d - a wand of charming (14)
Scrolls
 f - a scroll of amnesia {unknown}
 g - a scroll of summoning {unknown}
Miscellaneous
 e - a piece from Xom's chessboard (15/15)


   Skills:
 + Level 1.1 Fighting
 + Level 2.1 Armour
 + Level 0.7 Dodging
 + Level 1.1 Stealth
 + Level 3.1 Evocations


You couldn't memorise any spells.
You didn't know any spells.
Your spell library was empty.

Dungeon Overview and Level Annotations

Branches:
Dungeon (1/15)

Altars:


Innate Abilities, Weirdness & Mutations

You are immune to sickness and miasma.
Your stone body is resilient. (AC +2)
You are immune to poison.
You resist negative energy. (rN+)
You are resistant to electric shocks. (rElec)
You are resistant to unholy torment.
You are immune to petrification.


Message History

The endoplasm closely misses your hobgoblin.
The endoplasm barely misses your hobgoblin.
Your hobgoblin hits the endoplasm.
Your hobgoblin hits the endoplasm but does no damage.
The endoplasm hits your hobgoblin but does no damage.
The endoplasm misses your hobgoblin.
Your hobgoblin barely misses the endoplasm.
Your hobgoblin hits the endoplasm.
The endoplasm dies!
Found a war axe.
Found a scroll labelled UNOMET WAMECKO.
An endoplasm comes into view.
The endoplasm quivers.
What are your orders? t - Shout!
Orders for allies: a - Attack new target. r - Retreat! s - Stop attacking. g - Guard the area. f - Follow me.
Anything else - Cancel.
Gang up on whom?
Press: ? - help, Dir - move target, f - endoplasm
Aim: an endoplasm Attack!
The endoplasm hits your hobgoblin.
Your hobgoblin barely misses the endoplasm.
The endoplasm barely misses your hobgoblin.
Your hobgoblin barely misses the endoplasm.
The endoplasm hits your hobgoblin.
Your hobgoblin dies!
You hit the endoplasm but do no damage. The endoplasm hits you.
The endoplasm freezes you.
You are frozen.
You hit the endoplasm.
The endoplasm is moderately wounded.
The endoplasm barely misses you.
You hit the endoplasm.
The endoplasm is severely wounded.
The endoplasm freezes you.
You are frozen.
You die...

### # #...... .. #
#...... ... .#
#.#......# ?... ##
#.##.#......####.... .#
#.##................ ##
#.###.........).....
###...................
#[..#...>.....@J......
#.....#............... #
#..................... #
##....##..............
###....###.##.#####.....
.......# #....# .....
######## ###### ....
.... ...


You could see an endoplasm.

Vanquished Creatures
  2 goblins (D:1)
  2 rats (D:1)
4 creatures vanquished.

Vanquished Creatures (collateral kills)
  2 endoplasms (D:1)
2 creatures vanquished.

Vanquished Creatures (others)
  A hobgoblin (D:1)
1 creature vanquished.

Grand Total: 7 creatures vanquished

Notes
Turn   | Place    | Note
-------+----------+-------------------------------------------
     0 | D:1      | Elvor the Gargoyle Artificer began the quest for the Orb.
     0 | D:1      | Reached XP level 1. HP: 12/12 MP: 1/1
   192 | D:1      | Reached skill level 3 in Evocations
   255 | D:1      | Frozen to death by an endoplasm

Illustrated notes

Levels and vault maps discovered:
D:1:      dpeg_arrival_subterranean_lakeside_camping, layout_basic

Skill      XL: |  1 |
---------------+----+-----
Evocations     | 3 |  3.1
Fighting       | |  1.1
Armour         | |  2.1
Dodging        | |  0.7
Stealth        | |  1.1

Action                   || total
-------------------------++-------
Melee: Club              ||    21
Evoke: Wand              ||     1
 Stab: Sleeping          ||     1
Armor: Leather armour    ||     4
Dodge: Dodged            ||    14
